 Dungeon Crawl Stone Soup version 0.30.0-10-gfe55d96785 (webtiles) character file.

Game seed: 6274847016559096465

44 ryw the Trooper (level 3, 0/29 HPs)
             Began as a Demonspawn Monk on May 15, 2023.
             Hit by a goblin thrown by Robin (2 damage)
             ... on level 2 of the Dungeon.
             The game lasted 00:01:49 (1171 turns).

ryw the Trooper (Demonspawn Monk)                   Turns: 1171, Time: 00:01:50

Health: 0/29       AC:  2    Str: 11    XL:     3   Next: 41%
Magic:  12/12      EV: 13    Int: 17    God:
Gold:   64         SH:  0    Dex: 15    Spells: 2/2 levels left

rFire   . . .        d - +0 great mace
rCold   . . .        (shield currently unavailable)
rNeg    . . .        a - +0 robe
rPois   .            (no helmet)
rElec   .            (no cloak)
rCorr   .            (no gloves)
SInv    .            (no boots)
Will    .....        (no amulet)
Stlth   +            e - ring of magical power
HPRegen 0.24/turn    (no ring)
MPRegen 0.13/turn

%: no passive effects
@: flying
A: big brain 2
a: no special abilities


You were on level 2 of the Dungeon.
You visited 1 branch of the dungeon, and saw 2 of its levels.

You collected 64 gold pieces.

Inventory:

Hand Weapons
 d - a +0 great mace (weapon)
Armour
 a - a +0 robe (worn)
Jewellery
 e - a ring of magical power (left hand)
 i - a ring of fire
Scrolls
 c - 2 scrolls of teleportation {unknown}
 f - a scroll of immolation {unknown}
 h - a scroll of enchant armour {unknown}
 j - 2 scrolls of identify {unknown}
 k - a scroll of brand weapon {unknown}
 l - a scroll of noise {unknown}
 n - a scroll of magic mapping {unknown}


   Skills:
 + Level 3.4 Fighting
 + Level 2.0 Maces & Flails
 - Level 3.0 Dodging
 - Level 2.6 Unarmed Combat


You had 2 spell levels left.
You didn't know any spells.
Your spell library was empty.

Dungeon Overview and Level Annotations

Branches:
Dungeon (2/15)

Altars:
Kikubaaqudgha

Annotations:
D:2 Robin


Innate Abilities, Weirdness & Mutations

You have an extremely huge brain. (Int +4)


Message History

You feel less confused. The kobold hits you with a +0 hand axe.
* * * LOW HITPOINT WARNING * * *
The goblin hits you with a +0 club.
* * * LOW HITPOINT WARNING * * *
The kobold hits you but does no damage. The goblin hits you with a +0 club.
* * * LOW HITPOINT WARNING * * *
Unknown command.
It was a potion of curing.
You feel better. The kobold hits you with a +0 hand axe.
The goblin barely misses you.
You thump the goblin!
You kill the goblin!
The kobold completely misses you.
Robin roars a battlecry!
You barely miss the kobold.
The goblin no longer looks unusually strong.
The kobold hits you with a +0 hand axe.
* * * LOW HITPOINT WARNING * * *
Robin roars a battlecry!
The goblin goes into a battle-frenzy!
The kobold hits you with a +0 hand axe.
* * * LOW HITPOINT WARNING * * *
Robin throws the goblin at you!
Unknown command.
It was a potion of flight.
You feel very buoyant.
You fly up into the air.
The goblin barely misses you. The kobold closely misses you.
You barely miss the goblin.
The hobgoblin no longer looks unusually strong.
The goblin hits you with a +0 dagger.
* * * LOW HITPOINT WARNING * * *
The kobold barely misses you.
A goblin comes into view. It is wielding a +0 club.
You sock the goblin!
You kill the goblin!
The kobold closely misses you.
Robin says, "Bow before me, strongest of all the hobgoblins!"
The kobold misses you. Robin throws the goblin at you!
You die...

...# ...# ...# ...#
#### #### ##g.. ##..K
#..#
###################.#
...............g@Kgg#
###################g#
#... #####


You could see Robin, 2 hobgoblins, a goblin (strong) and a kobold.

Vanquished Creatures
  An adder (D:2)
  5 bats (D:1)
  An endoplasm (D:1)
  2 giant cockroaches (D:1)
  8 goblins
  3 hobgoblins
  A jackal (D:2)
  A quokka (D:1)
  4 ball pythons (D:1)
  3 kobolds (D:1)
  3 rats (D:1)
32 creatures vanquished.

Notes
Turn   | Place    | Note
-------+----------+-------------------------------------------
     0 | D:1      | ryw the Demonspawn Monk began the quest for the Orb.
     0 | D:1      | Reached XP level 1. HP: 18/18 MP: 1/1
   134 | D:1      | Reached skill level 1 in Maces & Flails
   194 | D:1      | Gained mutation: You have an unusually large brain. (Int
                  | +2) [demonic ancestry]
   194 | D:1      | Reached XP level 2. HP: 24/24 MP: 2/2
   956 | D:2      | Found an ancient bone altar of Kikubaaqudgha.
   999 | D:2      | Gained mutation: You have an extremely huge brain. (Int +4)
                  | [demonic ancestry]
   999 | D:2      | Reached XP level 3. HP: 14/29 MP: 3/3
  1145 | D:2      | Noticed Robin
  1171 | D:2      | Hit by a goblin thrown by Robin

Illustrated notes

Levels and vault maps discovered:
D:1:      psy_arrival_radial01, layout_loops_ring
D:2:      layout_basic, basic_altar, minmay_pentomino_s2, uniq_robin,
          uniq_jessica

Skill      XL: |  1  2  3 |
---------------+----------+-----
Maces & Flails | 1 2 |  2.0
Dodging        | 3 |  3.0
Fighting       | |  3.4
Unarmed Combat | |  2.6

Action                     || total
---------------------------++-------
  Melee: Great mace        ||    84
    Use: Potion            ||     3
   Stab: Sleeping          ||     2
 Armour: Robe              ||    12
  Dodge: Dodged            ||    97
